 Dungeon Crawl Stone Soup version 0.18.1-5-g4a78601 (webtiles) character file.

1238 mopl the Grappler (level 8, -2/70 HPs)
             Began as a Troll Wanderer on May 14, 2016.
             Slain by execc's ghost (18 damage)
             ... on level 5 of the Dungeon.
             The game lasted 00:05:15 (3091 turns).

mopl the Grappler (Troll Wanderer)                  Turns: 3091, Time: 00:05:16

Health: -2/70      AC:  7    Str: 20    XL:     8   Next: 25%
Magic:  10/10      EV:  9    Int:  8    God:
Gold:   257        SH:  0    Dex: 15    Spells: 0 memorised, 11 levels left

rFire  . . .     SeeInvis .       - Unarmed
rCold  . . .     Gourm    +     a - +2 robe
rNeg   . . .     Faith    .     (no shield)
rPois  .         Spirit   .     (helmet restricted)
rElec  .         Dismiss  .     (no cloak)
rCorr  .         Reflect  .     (gloves unavailable)
SustAt .         Harm     +     (boots unavailable)
MR     .....                    t - amulet of harm
Stlth  +.........               (no ring)
                                l - +3 ring of dexterity

@: not resistant to hostile enchantments, very unstealthy
A: unfitting armour, claws 3, fast metabolism 3, gourmand, regeneration 2,
shaggy fur 1, tough skin 2
a: no special abilities


You were on level 5 of the Dungeon.
You were very full.

You visited 1 branch of the dungeon, and saw 5 of its levels.

You collected 257 gold pieces.

Inventory:

Missiles
 h - 46 poisoned needles
 j - 32 arrows
Armour
 a - a +2 robe (worn)
Jewellery
 l - a +3 ring of dexterity (left claw)
 t - an amulet of harm (around neck)
Wands
 m - a wand of polymorph (4/24)
Scrolls
 c - 2 scrolls of noise {unknown}
 i - a scroll of identify {unknown}
 k - 2 scrolls of enchant armour {unknown}
 n - 2 scrolls of enchant weapon {unknown}
 o - 2 scrolls of teleportation {unknown}
 q - a scroll of random uselessness {unknown}
 x - 2 scrolls of remove curse {unknown}
Potions
 d - 2 potions of haste {unknown}
 e - 2 potions of curing
 g - 3 potions of brilliance {unknown}
 r - 2 potions of flight {unknown}
 u - a potion of invisibility {unknown}
 w - a potion of magic {unknown}
Books
 b - the Grimoire of Blows and Bruises

   Spells                             Type                      Level
   a - Sting                          Conjuration/Poison           1
   b - Conjure Flame                  Conjuration/Fire             3
 v - a book of Minor Magic

   Spells                             Type                      Level
   a - Magic Dart                     Conjuration                  1
   b - Blink                          Translocation                2
   c - Call Imp                       Summoning                    2
   d - Repel Missiles                 Charms/Air                   2
   e - Slow                           Hexes                        2
   f - Conjure Flame                  Conjuration/Fire             3
   g - Mephitic Cloud                 Conjuration/Poison/Air       3
Comestibles
 f - 6 bread rations
 p - a royal jelly
 s - 2 chunks of flesh


   Skills:
 - Level 1.0 Fighting
   Level 1.0 Bows
 - Level 1.0 Throwing
 - Level 1.0 Dodging
   Level 1.0 Shields
 * Level 9.9 Unarmed Combat
 - Level 2.0 Spellcasting
   Level 1.5 Necromancy


You had 11 spell levels left.
You didn't know any spells.

Dungeon Overview and Level Annotations

Branches:
Dungeon (5/15)
 Temple: D:4-7

Altars:
Fedhas
Yredelemnul

Annotations:
D:4 exclusion: oklob plant
D:5 execc's ghost, novice DDAr


Innate Abilities, Weirdness & Mutations

You are too large for most types of armour.
You have claws for hands.
Your metabolism is lightning-fast.
You like to eat raw meat.
You heal very quickly.
You are covered in fur (AC +1).
You have very tough skin (AC +2).


Message History

Execc's ghost is heavily damaged.
You feel sick.
The centaur wields a shortbow.
The centaur shoots an arrow.
The arrow hits you! Execc's ghost closely misses you.
A centaur comes into view. It is wielding a shortbow.
You are too injured to fight recklessly!
You feel sick.
The centaur shoots an arrow.
The arrow hits you.
You hear a shout!
You see here an arrow.
You scratch the centaur.
The centaur is lightly wounded.
You feel sick.
The centaur unwields an uncursed shortbow.
The centaur barely misses you. Execc's ghost hits you!
* * * LOW HITPOINT WARNING * * *
The centaur hits you.
* * * LOW HITPOINT WARNING * * *
An orc and a skeleton come into view.
Drink which item? (? for menu, Esc to quit)
You feel better. The centaur closely misses you. Execc's ghost hits you!
You die...

.# #..# .# #.. .# ... ##
#Z# # #.# #
############.####
####......^...(....#
.............รท.W##.##.#.
####.#######....@c..o...
# #.# #.#####o##.#. #.#
#.# # #.# #.# ..# #.# ###
#.# #.#


You could see a centaur, execc's ghost, 2 orcs and a centaur skeleton.

Vanquished Creatures
  Grinder (D:3)
  Sigmund (D:2)
  A human (D:2)
  An ogre (D:3)
  3 scorpions (D:4)
  5 orc priests (D:4)
  4 orc wizards (D:4)
  A human skeleton (D:2)
  Ijyb (D:1)
  Terence (D:3)
  An iguana (D:4)
  2 worker ants
  4 adders
  An adder skeleton (D:4)
  A worm (D:3)
  10 orcs
  A ball python (D:2)
  2 giant cockroaches
  11 goblins
  6 hobgoblins
  7 jackals
  3 quokkas
  9 bats
  A giant gecko skeleton (D:4)
  2 giant newts
  A goblin skeleton (D:2)
  6 kobolds
  4 rats
91 creatures vanquished.

Notes
Turn   | Place    | Note
--------------------------------------------------------------
     0 | D:1      | mopl the Troll Wanderer began the quest for the Orb.
     0 | D:1      | mopl set off with: a +2 robe, the Grimoire of Blows and Bruises, a +0 shortbow, 22 arrows, 2 bread rations
     0 | D:1      | Reached XP level 1. HP: 19/19 MP: 2/2
     2 | D:1      | Identified the Grimoire of Blows and Bruises
    64 | D:1      | Reached skill level 1 in Unarmed Combat
   190 | D:1      | Reached XP level 2. HP: 27/27 MP: 4/4
   370 | D:1      | Reached skill level 2 in Unarmed Combat
   470 | D:2      | Noticed Ijyb
   479 | D:2      | Noticed Sigmund
   504 | D:1      | Killed Ijyb
   504 | D:1      | Reached skill level 3 in Unarmed Combat
   504 | D:1      | Reached XP level 3. HP: 29/33 MP: 5/5
   527 | D:2      | Killed Sigmund
   527 | D:2      | Reached skill level 5 in Unarmed Combat
   527 | D:2      | Reached XP level 4. HP: 27/41 MP: 6/6
   527 | D:2      | Reached XP level 5. HP: 31/48 MP: 7/7
   887 | D:2      | Found a runed door.
   897 | D:2      | Noticed a human
   899 | D:2      | Found a basalt altar of Yredelemnul.
   917 | D:2      | Killed a human
   917 | D:2      | Reached skill level 6 in Unarmed Combat
   917 | D:2      | Reached XP level 6. HP: 39/55 MP: 8/8
  1080 | D:3      | Reached skill level 7 in Unarmed Combat
  1201 | D:3      | Noticed Terence
  1212 | D:3      | Killed Terence
  1212 | D:3      | Reached XP level 7. HP: 57/62 MP: 9/9
  1244 | D:3      | Noticed Grinder
  1246 | D:3      | Paralysed by Grinder for 5 turns
  1270 | D:3      | Paralysed by Grinder for 3 turns
  1379 | D:3      | Killed Grinder
  1379 | D:3      | Reached skill level 8 in Unarmed Combat
  2342 | D:4      | Reached skill level 9 in Unarmed Combat
  2391 | D:4      | Found a blossoming altar of Fedhas.
  2414 | D:4      | Noticed an oklob plant
  2560 | D:4      | Reached XP level 8. HP: 23/70 MP: 10/10
  3023 | D:5      | Entered Level 5 of the Dungeon
  3084 | D:5      | Noticed execc's ghost (novice DDAr)
  3091 | D:5      | Slain by execc's ghost

Skill      XL: |  1  2  3  4  5  6  7 |
---------------+----------------------+-----
Unarmed Combat | 1 3 5 6 7 9 |  9.9
Fighting       | |  1.0
Bows           | |  1.0
Throwing       | |  1.0
Dodging        | |  1.0
Shields        | |  1.0
Spellcasting   | |  2.0
Necromancy     | |  1.5

Action                   |  1- 3 |  4- 6 |  7- 9 || total
-------------------------+-------+-------+-------++-------
Melee: Unarmed           |    61 |    82 |   132 ||   275
       Punch             |     1 |     2 |     3 ||     6
  Use: Potion            |       |       |     1 ||     1
 Stab: Sleeping          |     1 |       |     3 ||     4
       Distracted        |       |     1 |       ||     1
  Eat: Chunk             |    10 |     6 |    17 ||    33
Armor: Robe              |    36 |    32 |    50 ||   118
Dodge: Dodged            |    17 |    42 |    43 ||   102
